 Dungeon Crawl Stone Soup version 0.26-a0-712-ga5a9c9c9d0 (webtiles) character file.

Game seed: 1922538953131456069

72 kae the Insei (level 4, -5/26 HPs)
             Began as a Tengu Transmuter on Nov 12, 2020.
             Slain by an ice beast (12 damage)
             ... on level 2 of the Dungeon.
             The game lasted 00:00:51 (2040 turns).

kae the Insei (Tengu Transmuter)                    Turns: 2040, Time: 00:00:51

Health: -5/26      AC:  2    Str: 11    XL:     4   Next: 25%
Magic:  5/8        EV: 20    Int: 13    God:
Gold:   81         SH:  0    Dex: 20    Spells: 3/7 levels left

rFire    . . .     SeeInvis .     - Unarmed
rCold    . . .     Faith    .   (shield currently unavailable)
rNeg     . . .     Spirit   .   (armour currently unavailable)
rPois    x         Reflect  .   (helmet currently unavailable)
rElec    .         Harm     .   (cloak currently unavailable)
rCorr    .         Rampage  .   (gloves currently unavailable)
MR       .....                  (boots unavailable)
Stlth    ++........             (no amulet)
HPRegen  0.08/turn              (no ring)
MPRegen  0.11/turn              (no ring)

@: spider-form (expiring)
A: tiny
a: End Transformation


You were on level 2 of the Dungeon.
You were a venomous arachnid creature.
You visited 1 branch of the dungeon, and saw 2 of its levels.

You collected 81 gold pieces.

Inventory:

Armour
 a - a +0 robe (melded)
 g - a scarf of shadows (melded)
Jewellery
 b - an uncursed ring of resist corrosion {unknown}
 c - an uncursed ring of ice {unknown}
Scrolls
 d - 2 scrolls of identify {unknown}
 i - a scroll of fear {unknown}
Potions
 e - a potion of curing {unknown}
 f - a potion of berserk rage {unknown}
 h - a potion of brilliance {unknown}


   Skills:
 + Level 2.0 Fighting
 - Level 2.1 Dodging
 + Level 3.9 Unarmed Combat
 - Level 2.0 Spellcasting
 * Level 2.8 Transmutations


You had 3 spell levels left.
You knew the following spells:

 Your Spells              Type           Power        Failure   Level
a - Beastly Appendage     Tmut           #.....       21%         1
b - Spider Form           Tmut/Pois      #.........   61%         3

Your spell library contained the following spells:

 Spells                   Type           Power        Failure   Level
 Wereblood                Tmut           #.......     28%         2
 Ice Form                 Ice/Tmut       #.......     92%         4
 Blade Hands              Tmut           #.........   98%         5


Dungeon Overview and Level Annotations

Branches:
Dungeon (2/15)

Altars:


Innate Abilities, Weirdness & Mutations

((You have a beak for a mouth.))
((You have claws for feet.))


Message History

Your scarf of shadows melds into your body.
Your +0 robe melds into your body.
The dungeon's light returns to normal.
Your transformation is almost over.
You hit the ice beast.
The ice beast is lightly wounded.
The ice beast hits you. The ice beast freezes you!
Ouch! That really hurt!
You hit the ice beast but do no damage. The ice beast closely misses you.
You hit the ice beast but do no damage. The ice beast completely misses you.
You hit the ice beast but do no damage.
The ice beast is poisoned.
The ice beast hits you but does no damage.
You hit the ice beast.
The ice beast is lightly wounded.
The ice beast hits you but does no damage.
You barely miss the ice beast.
The ice beast is lightly wounded.
The ice beast hits you.
* * * LOW HITPOINT WARNING * * *
The ice beast freezes you!
You die...

#.##..###...............()...#
# #...........###.....)....##
#..###.......(.....<....##
#..# #..##.#####..(........
#..###.....# #.#.##.#####
#...>#..##.# #.#.##.#
##.#.#..##.# #.#.##>#
#.#.#..##.#####.#.# .#
#.#.#..##.sYr...#.#
#......##.####### #.........#
##.....##.# ####..##...
....##...# ####.###.#.# #. #.#
#.## ..#. #.# ##


You could see an ice beast (very poisoned) and a rat.

Vanquished Creatures
  3 adders (D:2)
  An ooze (D:1)
  A worm (D:2)
  A dart slug (D:1)
  A ball python (D:1)
  A giant cockroach (D:2)
  2 hobgoblins
  5 bats
  2 frilled lizards
  8 goblins
  9 kobolds
  3 rats (D:1)
37 creatures vanquished.

Notes
Turn   | Place    | Note
-------+----------+-------------------------------------------
     0 | D:1      | kae the Tengu Transmuter began the quest for the Orb.
     0 | D:1      | Reached XP level 1. HP: 12/12 MP: 4/4
   347 | D:1      | Reached XP level 2. HP: 16/16 MP: 4/6
   607 | D:1      | Reached XP level 3. HP: 10/20 MP: 5/7
  1337 | D:2      | Noticed an ice beast
  1436 | D:2      | Learned a level 3 spell: Spider Form
  1810 | D:2      | Reached XP level 4. HP: 26/26 MP: 6/8
  2040 | D:2      | Slain by an ice beast

Illustrated notes

Levels and vault maps discovered:
D:1:      nicolae_arrival_washed_ashore, layout_rooms, minmay_misc_feat_tower
D:2:      layout_loops_ring

Skill      XL: |  1  2  3  4 |
---------------+-------------+-----
Transmutations | 2 |  2.8
Fighting       | 2 |  2.0
Dodging        | |  2.1
Unarmed Combat | |  3.9
Spellcasting   | |  2.0

Action                   |  1- 3 |  4- 6 || total
-------------------------+-------+-------++-------
Melee: Unarmed           |    80 |    24 ||   104
       Kick              |    11 |     3 ||    14
       Headbutt          |    11 |     1 ||    12
       Peck              |     8 |     3 ||    11
       Punch             |     1 |     1 ||     2
 Cast: Beastly Appendage |    21 |     3 ||    24
       Spider Form       |       |     1 ||     1
 Stab: Sleeping          |     1 |       ||     1
Armor: Robe              |    12 |     1 ||    13
       Skin              |       |     2 ||     2
Dodge: Dodged            |    61 |    11 ||    72

Table legend: (Time is in decaauts)
 A = Elapsed time spent in this place.
 B = Non-inter-level travel time spent in this place.
 C = Inter-level travel time spent in this place.
 D = Time resting spent in this place.
 E = Time spent auto-exploring this place.
 F = Levels seen in this place.
 G = Mean time per level.
                   A        B        C        D        E       F      G
               +--------+--------+--------+--------+--------+-----+--------+
         Total |   2033 |   1927 |    106 |     66 |   1606 |   2 | 1016.5 |
       Dungeon |   2033 |   1927 |    106 |     66 |   1606 |   2 | 1016.5 |
               +--------+--------+--------+--------+--------+-----+--------+

Top non-repeatable levels by time:
     D:1: 1226 daAuts
     D:2: 807 daAuts
